Harfangs vs Staline
Created - 26 février 2014 at 23:08
Goals
|
| Harfangs |
1 |
0 |
2 |
0 |
0 |
3 |
| Staline |
1 |
0 |
2 |
0 |
2 |
4 |
|
Shots
|
| Harfangs |
16 |
7 |
11 |
1 |
2 |
35 |
| Staline |
9 |
15 |
13 |
0 |
2 |
37 |
|
1st period
1. Staline , Mathieu Perreault 11 (Josh Gorges, Andrei Loktionov) at 13:45
2. Harfangs , Stefan Ruzicka 34 (Peter Olvecky) at 17:13
Penalties :
Stefan Ruzicka (BEA) for Roughing (Minor) at 4:27
2nd period
No Goal
Penalties :
Tyler Cuma (StJ) for Hooking (Minor) at 9:19, T.J. Fast (StJ) for Tripping (Minor) at 11:46, Mathieu Perreault (StJ) for Hooking (Minor) at 15:46
3rd period
3. Harfangs , Pavel Vorobiev 30 (Victor Bartley, Dustin Jeffrey) at 3:17
4. Staline , Cam Janssen 19 (Robert Dome, J.T. Wyman) at 10:22
5. Harfangs , Alex Killorn 11 (Stefan Ruzicka, Peter Olvecky) at 17:12
6. Staline , Tyler Cuma 5 (Robert Dome, Yan Stastny) at 19:50
Penalties :
J.T. Wyman (StJ) for Holding (Minor) at 5:27, J.T. Wyman (StJ) for Roughing (Minor) at 7:49, Theo Peckham (StJ) for Roughing (Minor) at 12:21
Overtime #1
No Goal
Penalties :
No Penalty
Shootout
Penalty Shot by Pavel Vorobiev for Harfangs - Stopped by Tobias Stephan
Penalty Shot by Robert Dome for Staline - Goal!
Penalty Shot by Boyd Gordon for Harfangs - Shot Misses the Net
Penalty Shot by Devin Setoguchi for Staline - Goal!
Penalties :
No Penalty
Goalie Stats
Ray Emery (BEA), 34 saves from 37 shots - (0,919), OTL, 26-12-6, 65:00 minutes
Tobias Stephan (StJ), 32 saves from 35 shots - (0,914), W, 13-8-2, 64:11 minutes
Players Stats for Harfangs
Player Name G A P +/- PIM S H SB GA TA FO MP PP MP PK MP
------------------------------------------------------------------------------------
Alex Killorn 1 0 1 2 0 2 4 0 0 0 14/33 21:59 5:49 0:00
Alexandre Picard 0 0 0 1 0 2 1 4 0 0 0/0 26:30 6:31 0:53
Andrew Orpik 0 0 0 1 0 2 0 1 0 1 0/0 18:20 5:23 0:53
Angelo Esposito 0 0 0 0 0 1 1 1 0 0 0/0 11:41 5:21 0:00
Boyd Gordon 0 0 0 -1 0 2 2 0 1 0 2/3 10:05 0:44 0:42
Dustin Jeffrey 0 1 1 1 0 2 4 0 0 0 0/0 13:59 0:24 0:00
James Wisniewski 0 0 0 -2 0 1 2 3 0 1 0/0 31:09 5:23 1:06
Janne Niskala 0 0 0 -1 0 3 2 1 0 1 0/0 20:09 0:00 0:00
Luca Caputi 0 0 0 -2 0 0 1 0 0 0 1/1 11:26 0:00 0:00
Matt Keith 0 0 0 -2 0 1 2 0 0 1 0/1 12:04 0:24 0:00
Michal Repik 0 0 0 0 0 0 0 0 1 0 0/0 6:04 0:00 0:00
Pavel Vorobiev 1 0 1 0 0 7 5 0 2 0 1/1 22:13 5:21 1:17
Peter Olvecky 0 2 2 1 0 2 3 2 4 1 0/0 23:31 6:09 0:42
Petri Kontiola 0 0 0 1 0 1 3 0 0 0 13/20 20:30 5:21 1:17
Sasha Pokulok 0 0 0 0 0 0 0 1 0 1 0/0 11:23 0:00 1:06
Stefan Ruzicka 1 1 2 2 2 4 1 1 1 0 2/2 22:39 6:09 0:00
Stephane Da Costa 0 0 0 -2 0 4 3 0 0 0 3/10 11:49 0:00 0:00
Victor Bartley 0 1 1 1 0 1 1 3 0 1 0/0 22:29 6:31 0:00
Players Stats for Staline
Player Name G A P +/- PIM S H SB GA TA FO MP PP MP PK MP
------------------------------------------------------------------------------------
Andrei Loktionov 0 1 1 0 0 3 4 1 0 0 10/18 14:26 1:13 0:22
Brandon Prust 0 0 0 0 0 5 0 0 0 2 1/1 20:18 1:13 6:05
Cam Janssen 1 0 1 0 0 2 1 0 1 0 2/2 13:58 0:00 2:40
Damien Brunner 0 0 0 0 0 0 0 0 0 0 0/0 0:08 0:00 0:00
David Ullstrom 0 0 0 0 0 0 1 0 0 1 1/1 10:23 0:00 0:00
Devin Setoguchi 0 0 0 0 0 1 4 0 2 2 0/0 22:05 0:46 3:17
Greg Zanon 0 0 0 1 0 4 1 5 1 0 0/0 31:47 1:38 7:10
J.T. Wyman 0 1 1 1 4 3 0 0 1 0 0/0 11:00 0:00 0:00
James Sheppard 0 0 0 -1 0 1 1 0 1 0 0/0 6:52 0:00 0:00
Josh Gorges 0 1 1 0 0 3 2 1 1 1 0/0 30:59 1:38 7:10
Mathieu Perreault 1 0 1 -1 2 1 1 0 0 0 10/17 22:18 1:13 4:53
Matt Generous 0 0 0 0 0 0 2 2 0 0 0/0 12:59 0:00 1:19
Robert Dome 0 2 2 1 0 7 3 1 0 2 4/6 21:45 0:46 2:26
T.J. Fast 0 0 0 -1 2 0 2 2 0 0 0/0 21:04 0:21 4:12
Theo Peckham 0 0 0 1 2 0 0 2 0 0 0/0 16:22 0:00 3:47
Tyler Cuma 1 0 1 -1 2 1 1 0 0 1 0/0 17:12 0:21 0:10
Yan Stastny 0 1 1 0 0 6 1 0 0 0 6/21 22:05 0:46 3:17
Zac Rinaldo 0 0 0 0 0 0 1 0 0 0 1/5 12:19 0:00 0:48
3 Stars
1 - Alex Killorn (BEA)
2 - Stefan Ruzicka (BEA)
3 - Peter Olvecky (BEA)
Power Play
Harfangs - 0 on 6 Attempt(s) - 0,00%
Staline - 0 on 1 Attempt(s) - 0,00%
Penalty Kill
Harfangs - 1 on 1 Attempt(s) - 100,00%
- Score 0 goal in Penalty Kill
Staline - 6 on 6 Attempt(s) - 100,00%
- Score 0 goal in Penalty Kill
Official
Referees : Hasenfratz Mike and McCreary Bill
Linesman : Don Henderson and Pierre Champoux
Game Notes
Damien Brunner is injured at 0:27 of 1st period (Lacerated Left Calf)
Finance
Level 1 -- Attendance: 1415 (70,75%) -- Ticket Income 49 525 $
Level 2 -- Attendance: 725 (72,50%) -- Ticket Income 10 875 $
Total Attendance: 2140 (71,33%)
Total Ticket Income: 60 400 $
Other Income: 3 020 $
Total Income: 63 420 $
Harfangs
5 vs 5 Forward
Center Left Wing Right Wing Time % Phy DF OF
1 Alex Killorn Peter Olvecky Stefan Ruzicka 40 1 2 2
2 Petri Kontiola Dustin Jeffrey Pavel Vorobiev 30 1 2 2
3 Stephane Da Costa Luca Caputi Matt Keith 20 1 2 2
4 Boyd Gordon Angelo Esposito Michal Repik 10 1 2 2
5 vs 5 Defense
Defense Defense Time % Phy DF OF
1 James Wisniewski Janne Niskala 40 1 2 2
2 Victor Bartley Alexandre Picard 30 1 2 2
3 Sasha Pokulok Andrew Orpik 20 1 2 2
4 James Wisniewski Alexandre Picard 10 1 2 2
PowerPlay Forward
Center Left Wing Right Wing Time % Phy DF OF
1 Alex Killorn Peter Olvecky Stefan Ruzicka 60 1 2 2
2 Petri Kontiola Angelo Esposito Pavel Vorobiev 40 1 2 2
PowerPlay Defense
Defense Defense Time % Phy DF OF
1 James Wisniewski Andrew Orpik 60 1 2 2
2 Victor Bartley Alexandre Picard 40 1 2 2
Penalty Kill 4 Players Forward
Center Wing Time % Phy DF OF
1 Petri Kontiola Pavel Vorobiev 60 1 2 2
2 Boyd Gordon Peter Olvecky 40 1 2 2
Penalty Kill 4 Players Defense
Defense Defense Time % Phy DF OF
1 James Wisniewski Sasha Pokulok 60 1 2 2
2 Alexandre Picard Andrew Orpik 40 1 2 2
Penalty Kill - 3 Players Forward
Forward Time % Phy DF OF
1 Petri Kontiola 60 1 2 2
2 Boyd Gordon 40 1 2 2
Penalty Kill - 3 Players Defense
Defense Defense Time % Phy DF OF
1 James Wisniewski Sasha Pokulok 60 1 2 2
2 Alexandre Picard Andrew Orpik 40 1 2 2
4 vs 4 Forward
Center Wing Time % Phy DF OF
1 Alex Killorn Stefan Ruzicka 60 1 2 2
2 Petri Kontiola Pavel Vorobiev 40 1 2 2
4 vs 4 Defense
Defense Defense Time % Phy DF OF
1 James Wisniewski Andrew Orpik 60 1 2 2
2 Alexandre Picard Victor Bartley 40 1 2 2
Last Minutes Offensive
Center Left Wing Right Wing Defense Defense
Petri Kontiola Peter Olvecky Stefan Ruzicka James Wisniewski Alexandre Picard
Last Minutes Defensive
Center Left Wing Right Wing Defense Defense
Boyd Gordon Peter Olvecky Pavel Vorobiev James Wisniewski Sasha Pokulok
Goaltenders
Starting : Ray Emery
Backup : Marek Schwarz
Extra Forwards
Normal : Pavel Vorobiev, Stefan Ruzicka, Alex Killorn - PP : Pavel Vorobiev, Stefan Ruzicka - PK : Pavel Vorobiev
Extra Defensemen
Normal : James Wisniewski, Alexandre Picard, Victor Bartley - PP : James Wisniewski - PK : James Wisniewski, Alexandre Picard
Penalty Shots
Pavel Vorobiev, Boyd Gordon, Matt Keith, James Wisniewski, Petri Kontiola
Staline
5 vs 5 Forward
Center Left Wing Right Wing Time % Phy DF OF
1 Yan Stastny Robert Dome Devin Setoguchi 40 0 0 5
2 Andrei Loktionov Brandon Prust Damien Brunner 30 1 2 2
3 Mathieu Perreault James Sheppard Cam Janssen 20 1 2 2
4 Zac Rinaldo David Ullstrom J.T. Wyman 10 1 2 2
5 vs 5 Defense
Defense Defense Time % Phy DF OF
1 Greg Zanon Josh Gorges 40 1 2 2
2 T.J. Fast Tyler Cuma 30 1 2 2
3 Matt Generous Theo Peckham 20 1 2 2
4 Greg Zanon Josh Gorges 10 1 2 2
PowerPlay Forward
Center Left Wing Right Wing Time % Phy DF OF
1 Yan Stastny Robert Dome Devin Setoguchi 60 0 0 5
2 Andrei Loktionov Brandon Prust Damien Brunner 40 1 2 2
PowerPlay Defense
Defense Defense Time % Phy DF OF
1 Greg Zanon Josh Gorges 60 1 2 2
2 T.J. Fast Tyler Cuma 40 1 2 2
Penalty Kill 4 Players Forward
Center Wing Time % Phy DF OF
1 Mathieu Perreault Brandon Prust 60 1 2 2
2 Yan Stastny Devin Setoguchi 40 1 2 2
Penalty Kill 4 Players Defense
Defense Defense Time % Phy DF OF
1 Greg Zanon Josh Gorges 60 1 2 2
2 Theo Peckham T.J. Fast 40 1 2 2
Penalty Kill - 3 Players Forward
Forward Time % Phy DF OF
1 Mathieu Perreault 60 1 2 2
2 Yan Stastny 40 1 2 2
Penalty Kill - 3 Players Defense
Defense Defense Time % Phy DF OF
1 Greg Zanon Josh Gorges 60 1 2 2
2 Theo Peckham T.J. Fast 40 1 2 2
4 vs 4 Forward
Center Wing Time % Phy DF OF
1 Yan Stastny Devin Setoguchi 60 1 2 2
2 Andrei Loktionov Damien Brunner 40 1 2 2
4 vs 4 Defense
Defense Defense Time % Phy DF OF
1 Greg Zanon Josh Gorges 60 1 2 2
2 T.J. Fast Tyler Cuma 40 1 2 2
Last Minutes Offensive
Center Left Wing Right Wing Defense Defense
Yan Stastny Robert Dome Devin Setoguchi Greg Zanon Tyler Cuma
Last Minutes Defensive
Center Left Wing Right Wing Defense Defense
Yan Stastny Brandon Prust Devin Setoguchi Greg Zanon Josh Gorges
Goaltenders
Starting : Tobias Stephan
Backup : Erik Ersberg
Extra Forwards
Normal : Mathieu Perreault, Brandon Prust, Damien Brunner - PP : Mathieu Perreault, Cam Janssen - PK : Cam Janssen
Extra Defensemen
Normal : Tyler Cuma, Theo Peckham, Greg Zanon - PP : Theo Peckham - PK : Matt Generous, Tyler Cuma
Penalty Shots
Robert Dome, Devin Setoguchi, Cam Janssen, Damien Brunner, Yan Stastny
% Time on Ice - Harfangs
Lines # - Real PCT - Wanted PCT - Time Play
Normal Forward
1 - 33% - 40% - 15:02
2 - 28% - 30% - 12:39
3 - 25% - 20% - 11:26
4 - 13% - 10% - 6:04
Normal Defense
1 - 44% - 40% - 19:43
2 - 32% - 30% - 14:41
3 - 19% - 20% - 8:47
4 - 4% - 10% - 2:00
PP Forward
1 - 55% - 60% - 6:33
2 - 45% - 40% - 5:21
PP Defense
1 - 45% - 60% - 5:23
2 - 55% - 40% - 6:31
PK Forward
1 - 65% - 60% - 1:17
2 - 35% - 40% - 0:42
PK Defense
1 - 55% - 60% - 1:06
2 - 45% - 40% - 0:53
PK3 Forward
1 - 0% - 60%
2 - 0% - 40%
PK3 Defense
1 - 0% - 60%
2 - 0% - 40%
44 Forward
1 - 84% - 60% - 4:11
2 - 16% - 40% - 0:49
44 Defense
1 - 66% - 60% - 3:19
2 - 34% - 40% - 1:41
Last Minute Offensive - 0:00
Last Minute Defensive - 0:56
Total
Forward - 65:00
Defense - 65:00
|
% Time on Ice - Staline
Lines # - Real PCT - Wanted PCT - Time Play
Normal Forward
1 - 37% - 40% - 16:41
2 - 25% - 30% - 11:18
3 - 15% - 20% - 6:52
4 - 23% - 10% - 10:23
Normal Defense
1 - 39% - 40% - 17:42
2 - 34% - 30% - 15:14
3 - 22% - 20% - 10:04
4 - 5% - 10% - 2:14
PP Forward
1 - 39% - 60% - 0:46
2 - 61% - 40% - 1:13
PP Defense
1 - 82% - 60% - 1:38
2 - 18% - 40% - 0:21
PK Forward
1 - 72% - 60% - 8:37
2 - 28% - 40% - 3:17
PK Defense
1 - 60% - 60% - 7:10
2 - 40% - 40% - 4:44
PK3 Forward
1 - 0% - 60%
2 - 0% - 40%
PK3 Defense
1 - 0% - 60%
2 - 0% - 40%
44 Forward
1 - 69% - 60% - 3:27
2 - 31% - 40% - 1:33
44 Defense
1 - 56% - 60% - 2:49
2 - 44% - 40% - 2:11
Last Minute Offensive - 0:53
Last Minute Defensive - 0:00
Total
Forward - 65:00
Defense - 65:00
|
Play by Play
1st period
0:01 of 1st period - Alex Killorn wins face-off versus Yan Stastny in neutral zone.
0:26 of 1st period - Damien Brunner is hit by Dustin Jeffrey and loses puck.
0:27 of 1st period - Damien Brunner from Staline is injured at 0:27 of 1st period (Lacerated Left Calf).
0:28 of 1st period - Mathieu Perreault wins face-off versus Stephane Da Costa in Staline zone.
1:02 of 1st period - Matt Generous is hit by Pavel Vorobiev and loses puck.
1:35 of 1st period - Sasha Pokulok is hit by Matt Generous and loses puck.
1:56 of 1st period - Slapshot by Greg Zanon.
1:56 of 1st period - Deflect By J.T. Wyman.
1:56 of 1st period - Shot Misses the Net.
1:56 of 1st period - Puck is out of play.
1:57 of 1st period - David Ullstrom wins face-off versus Matt Keith in Harfangs zone.
2:47 of 1st period - Snap shot by Pavel Vorobiev.
2:47 of 1st period - Shot Blocked by T.J. Fast.
2:49 of 1st period - Slapshot by Petri Kontiola.
2:49 of 1st period - Shot Blocked by T.J. Fast.
2:51 of 1st period - Wrist shot by Dustin Jeffrey.
2:51 of 1st period - Shot Misses the Net.
2:53 of 1st period - Wrist shot by Petri Kontiola.
2:53 of 1st period - Shot Misses the Net.
2:55 of 1st period - Backhand shot by Pavel Vorobiev.
2:55 of 1st period - Stopped by Tobias Stephan with a rebound.
3:13 of 1st period - Snap shot by Robert Dome.
3:13 of 1st period - Stopped by Ray Emery with a rebound.
3:51 of 1st period - Peter Olvecky is hit by Josh Gorges and loses puck.
4:03 of 1st period - Off-side.
4:04 of 1st period - Petri Kontiola wins face-off versus Yan Stastny in neutral zone.
4:09 of 1st period - Slapshot by Pavel Vorobiev.
4:09 of 1st period - Stopped by Tobias Stephan without a rebound.
4:10 of 1st period - Alex Killorn wins face-off versus Yan Stastny in Staline zone.
4:19 of 1st period - Snap shot by Alex Killorn.
4:19 of 1st period - Stopped by Tobias Stephan without a rebound.
4:20 of 1st period - Robert Dome wins face-off versus Alex Killorn in Staline zone.
4:20 of 1st period - Robert Dome is hit by Peter Olvecky.
4:27 of 1st period - Minor Penalty to Stefan Ruzicka for Roughing.
4:28 of 1st period - Petri Kontiola wins face-off versus Yan Stastny in Harfangs zone.
4:28 of 1st period - Petri Kontiola is hit by Devin Setoguchi.
5:01 of 1st period - Wrist shot by Andrei Loktionov.
5:01 of 1st period - Stopped by Ray Emery with a rebound.
5:03 of 1st period - Wrist shot by Mathieu Perreault.
5:03 of 1st period - Shot Blocked by Alexandre Picard.
5:09 of 1st period - Snap shot by Brandon Prust.
5:09 of 1st period - Stopped by Ray Emery with a rebound.
5:11 of 1st period - Snap shot by Greg Zanon.
5:11 of 1st period - Stopped by Ray Emery without a rebound.
5:12 of 1st period - Petri Kontiola wins face-off versus Andrei Loktionov in Harfangs zone.
5:22 of 1st period - Off-side.
5:23 of 1st period - Yan Stastny wins face-off versus Petri Kontiola in neutral zone.
5:28 of 1st period - Wrist shot by Yan Stastny.
5:28 of 1st period - Shot Blocked by Sasha Pokulok.
5:30 of 1st period - Slapshot by Greg Zanon.
5:30 of 1st period - Shot Blocked by James Wisniewski.
5:49 of 1st period - Icing by Brandon Prust.
5:50 of 1st period - Boyd Gordon wins face-off versus Andrei Loktionov in Staline zone.
6:15 of 1st period - Josh Gorges is hit by Pavel Vorobiev and loses puck.
6:27 of 1st period - Penalty to Stefan Ruzicka is over, Stefan Ruzicka is back on ice.
6:42 of 1st period - Snap shot by Pavel Vorobiev.
6:42 of 1st period - Shot Misses the Net.
6:48 of 1st period - Wrist shot by Stefan Ruzicka.
6:48 of 1st period - Shot Misses the Net.
6:50 of 1st period - Snap shot by Andrew Orpik.
6:50 of 1st period - Stopped by Tobias Stephan without a rebound.
6:51 of 1st period - Stephane Da Costa wins face-off versus Yan Stastny in Staline zone.
7:06 of 1st period - Slapshot by Devin Setoguchi.
7:06 of 1st period - Stopped by Ray Emery with a rebound.
7:23 of 1st period - Snap shot by David Ullstrom.
7:23 of 1st period - Deflect By J.T. Wyman.
7:23 of 1st period - Stopped by Ray Emery with a rebound.
8:09 of 1st period - Josh Gorges is hit by Victor Bartley and loses puck.
8:50 of 1st period - Josh Gorges is hit by Janne Niskala.
9:02 of 1st period - Josh Gorges is hit by Boyd Gordon and loses puck.
9:09 of 1st period - Snap shot by Boyd Gordon.
9:09 of 1st period - Stopped by Tobias Stephan with a rebound.
9:33 of 1st period - Slapshot by Greg Zanon.
9:33 of 1st period - Stopped by Ray Emery with a rebound.
9:47 of 1st period - Wrist shot by Petri Kontiola.
9:47 of 1st period - Stopped by Tobias Stephan with a rebound.
9:49 of 1st period - Snap shot by Dustin Jeffrey.
9:49 of 1st period - Stopped by Tobias Stephan with a rebound.
9:51 of 1st period - Slapshot by Pavel Vorobiev.
9:51 of 1st period - Shot Hit the Post.
9:53 of 1st period - Slapshot by Andrew Orpik.
9:53 of 1st period - Shot Misses the Net.
9:55 of 1st period - Backhand shot by Pavel Vorobiev.
9:55 of 1st period - Stopped by Tobias Stephan without a rebound.
9:56 of 1st period - Stephane Da Costa wins face-off versus Andrei Loktionov in Staline zone.
9:57 of 1st period - Snap shot by Janne Niskala.
9:57 of 1st period - Stopped by Tobias Stephan with a rebound.
9:59 of 1st period - Slapshot by Janne Niskala.
9:59 of 1st period - Shot Blocked by Theo Peckham.
10:05 of 1st period - Snap shot by Stephane Da Costa.
10:05 of 1st period - Shot Misses the Net.
10:07 of 1st period - Snap shot by Matt Keith.
10:07 of 1st period - Deflect By Luca Caputi.
10:07 of 1st period - Shot Misses the Net.
10:07 of 1st period - Puck is out of play.
10:08 of 1st period - Pavel Vorobiev wins face-off versus Robert Dome in Staline zone.
10:23 of 1st period - Slapshot by Pavel Vorobiev.
10:23 of 1st period - Deflect By Dustin Jeffrey.
10:23 of 1st period - Stopped by Tobias Stephan without a rebound.
10:24 of 1st period - Alex Killorn wins face-off versus Andrei Loktionov in Staline zone.
10:25 of 1st period - Snap shot by Stefan Ruzicka.
10:25 of 1st period - Shot Misses the Net.
11:09 of 1st period - Pavel Vorobiev is hit by Devin Setoguchi.
11:15 of 1st period - Josh Gorges is hit by Pavel Vorobiev and loses puck.
12:12 of 1st period - Snap shot by Pavel Vorobiev.
12:12 of 1st period - Shot Misses the Net.
12:14 of 1st period - Snap shot by Pavel Vorobiev.
12:14 of 1st period - Deflect By Petri Kontiola.
12:14 of 1st period - Shot Blocked by Matt Generous.
12:14 of 1st period - Puck is out of play.
12:15 of 1st period - Alex Killorn wins face-off versus Andrei Loktionov in Staline zone.
13:00 of 1st period - Slapshot by Andrew Orpik.
13:00 of 1st period - Shot Misses the Net.
13:08 of 1st period - Icing by David Ullstrom.
13:09 of 1st period - Stefan Ruzicka wins face-off versus Zac Rinaldo in Staline zone.
13:41 of 1st period - Snap shot by Andrei Loktionov.
13:41 of 1st period - Shot Misses the Net.
13:43 of 1st period - Slapshot by Josh Gorges.
13:43 of 1st period - Shot Blocked by Alexandre Picard.
13:45 of 1st period - Wrist shot by Mathieu Perreault.
13:45 of 1st period - Goal by Mathieu Perreault - Harfangs : 0 - Staline : 1.
13:46 of 1st period - Mathieu Perreault wins face-off versus Alex Killorn in neutral zone.
13:59 of 1st period - Slapshot by Stefan Ruzicka.
13:59 of 1st period - Stopped by Tobias Stephan with a rebound.
14:49 of 1st period - Boyd Gordon is hit by T.J. Fast and loses puck.
14:55 of 1st period - Off-side.
14:56 of 1st period - Alex Killorn wins face-off versus Andrei Loktionov in neutral zone.
15:28 of 1st period - Yan Stastny is hit by Pavel Vorobiev and loses puck.
16:11 of 1st period - Slapshot by Alexandre Picard.
16:11 of 1st period - Shot Blocked by Robert Dome.
16:13 of 1st period - Slapshot by Boyd Gordon.
16:13 of 1st period - Shot Misses the Net.
16:32 of 1st period - Icing by Janne Niskala.
16:33 of 1st period - Yan Stastny wins face-off versus Alex Killorn in Harfangs zone.
17:13 of 1st period - Snap shot by Stefan Ruzicka.
17:13 of 1st period - Goal by Stefan Ruzicka - Harfangs : 1 - Staline : 1.
17:14 of 1st period - Petri Kontiola wins face-off versus Mathieu Perreault in neutral zone.
18:04 of 1st period - Snap shot by Stefan Ruzicka.
18:04 of 1st period - Deflect By Peter Olvecky.
18:04 of 1st period - Stopped by Tobias Stephan without a rebound.
18:05 of 1st period - Alex Killorn wins face-off versus Andrei Loktionov in Staline zone.
18:08 of 1st period - Wrist shot by Stefan Ruzicka.
18:08 of 1st period - Stopped by Tobias Stephan without a rebound.
18:09 of 1st period - Andrei Loktionov wins face-off versus Alex Killorn in Staline zone.
18:24 of 1st period - Andrei Loktionov is hit by Alex Killorn and loses puck.
18:39 of 1st period - Snap shot by Yan Stastny.
18:39 of 1st period - Stopped by Ray Emery without a rebound.
18:40 of 1st period - Petri Kontiola wins face-off versus Yan Stastny in Harfangs zone.
18:40 of 1st period - Petri Kontiola is hit by Robert Dome.
18:52 of 1st period - Snap shot by Pavel Vorobiev.
18:52 of 1st period - Stopped by Tobias Stephan with a rebound.
18:54 of 1st period - Wrist shot by James Wisniewski.
18:54 of 1st period - Stopped by Tobias Stephan without a rebound.
18:55 of 1st period - Mathieu Perreault wins face-off versus Alex Killorn in Staline zone.
19:04 of 1st period - Snap shot by Mathieu Perreault.
19:04 of 1st period - Shot Misses the Net.
19:24 of 1st period - Off-side.
19:25 of 1st period - Petri Kontiola wins face-off versus Yan Stastny in neutral zone.
Goals for this period are 1 for Harfangs vs 1 for Staline.
Shots for this period are 16 for Harfangs vs 9 for Staline.
2nd period
0:01 of 2nd period - Alex Killorn wins face-off versus Mathieu Perreault in neutral zone.
0:20 of 2nd period - James Wisniewski is hit by Mathieu Perreault and loses puck.
0:39 of 2nd period - Josh Gorges is hit by Alex Killorn and loses puck.
0:53 of 2nd period - Off-side.
0:54 of 2nd period - Petri Kontiola wins face-off versus Yan Stastny in neutral zone.
1:13 of 2nd period - Icing by Victor Bartley.
1:14 of 2nd period - Andrei Loktionov wins face-off versus Petri Kontiola in Harfangs zone.
1:15 of 2nd period - Slapshot by Cam Janssen.
1:15 of 2nd period - Shot Misses the Net.
1:17 of 2nd period - Wrist shot by Cam Janssen.
1:17 of 2nd period - Deflect By Brandon Prust.
1:17 of 2nd period - Stopped by Ray Emery with a rebound.
1:19 of 2nd period - Backhand shot by Andrei Loktionov.
1:19 of 2nd period - Stopped by Ray Emery without a rebound.
1:20 of 2nd period - Andrei Loktionov wins face-off versus Petri Kontiola in Harfangs zone.
2:13 of 2nd period - Wrist shot by Matt Keith.
2:13 of 2nd period - Stopped by Tobias Stephan with a rebound.
2:25 of 2nd period - Brandon Prust is hit by Alexandre Picard.
2:31 of 2nd period - Slapshot by Alexandre Picard.
2:31 of 2nd period - Stopped by Tobias Stephan without a rebound.
2:32 of 2nd period - Yan Stastny wins face-off versus Alex Killorn in Staline zone.
2:37 of 2nd period - Peter Olvecky is hit by Greg Zanon and loses puck.
2:58 of 2nd period - Sasha Pokulok is hit by Andrei Loktionov and loses puck.
3:07 of 2nd period - Snap shot by Petri Kontiola.
3:07 of 2nd period - Shot Blocked by Greg Zanon.
3:27 of 2nd period - Greg Zanon is hit by James Wisniewski and loses puck.
3:44 of 2nd period - Snap shot by Greg Zanon.
3:44 of 2nd period - Shot Misses the Net.
5:06 of 2nd period - Slapshot by T.J. Fast.
5:06 of 2nd period - Shot Blocked by James Wisniewski.
5:28 of 2nd period - Slapshot by J.T. Wyman.
5:28 of 2nd period - Stopped by Ray Emery with a rebound.
5:43 of 2nd period - Off-side.
5:44 of 2nd period - Alex Killorn wins face-off versus Yan Stastny in neutral zone.
5:49 of 2nd period - Icing by Robert Dome.
5:50 of 2nd period - Alex Killorn wins face-off versus Yan Stastny in Staline zone.
6:01 of 2nd period - Snap shot by Yan Stastny.
6:01 of 2nd period - Shot Misses the Net.
6:34 of 2nd period - Off-side.
6:35 of 2nd period - Brandon Prust wins face-off versus Petri Kontiola in neutral zone.
6:44 of 2nd period - Snap shot by Andrei Loktionov.
6:44 of 2nd period - Stopped by Ray Emery with a rebound.
6:46 of 2nd period - Wrist shot by Andrei Loktionov.
6:46 of 2nd period - Deflect By Brandon Prust.
6:46 of 2nd period - Stopped by Ray Emery with a rebound.
6:48 of 2nd period - Slapshot by Greg Zanon.
6:48 of 2nd period - Shot Blocked by Alexandre Picard.
7:12 of 2nd period - Josh Gorges is hit by Petri Kontiola and loses puck.
7:16 of 2nd period - Icing by David Ullstrom.
7:17 of 2nd period - Alex Killorn wins face-off versus Zac Rinaldo in Staline zone.
7:43 of 2nd period - Slapshot by Janne Niskala.
7:43 of 2nd period - Stopped by Tobias Stephan without a rebound.
7:44 of 2nd period - Yan Stastny wins face-off versus Boyd Gordon in Staline zone.
7:59 of 2nd period - Snap shot by Boyd Gordon.
7:59 of 2nd period - Deflect By Michal Repik.
7:59 of 2nd period - Shot Misses the Net.
7:59 of 2nd period - Puck is out of play.
8:00 of 2nd period - Andrei Loktionov wins face-off versus Alex Killorn in Staline zone.
8:07 of 2nd period - Slapshot by James Wisniewski.
8:07 of 2nd period - Shot Misses the Net.
8:29 of 2nd period - Slapshot by Josh Gorges.
8:29 of 2nd period - Stopped by Ray Emery with a rebound.
8:31 of 2nd period - Slapshot by Greg Zanon.
8:31 of 2nd period - Shot Misses the Net.
8:35 of 2nd period - Slapshot by Robert Dome.
8:35 of 2nd period - Stopped by Ray Emery with a rebound.
8:37 of 2nd period - Wrist shot by Yan Stastny.
8:37 of 2nd period - Stopped by Ray Emery with a rebound.
8:55 of 2nd period - Snap shot by Stephane Da Costa.
8:55 of 2nd period - Stopped by Tobias Stephan with a rebound.
8:57 of 2nd period - Slapshot by Janne Niskala.
8:57 of 2nd period - Stopped by Tobias Stephan with a rebound.
9:19 of 2nd period - Minor Penalty to Tyler Cuma for Hooking.
9:20 of 2nd period - Mathieu Perreault wins face-off versus Alex Killorn in Staline zone.
10:28 of 2nd period - Slapshot by Greg Zanon.
10:28 of 2nd period - Shot Blocked by Andrew Orpik.
11:02 of 2nd period - Wrist shot by Yan Stastny.
11:02 of 2nd period - Shot Blocked by Stefan Ruzicka.
11:16 of 2nd period - Pavel Vorobiev is hit by Cam Janssen and loses puck.
11:19 of 2nd period - Penalty to Tyler Cuma is over, Tyler Cuma is back on ice.
11:33 of 2nd period - J.T. Wyman is hit by Luca Caputi and loses puck.
11:40 of 2nd period - Wrist shot by Stephane Da Costa.
11:40 of 2nd period - Shot Blocked by Theo Peckham.
11:46 of 2nd period - Minor Penalty to T.J. Fast for Tripping.
11:47 of 2nd period - Alex Killorn wins face-off versus Mathieu Perreault in Staline zone.
12:37 of 2nd period - Brandon Prust is hit by Alex Killorn and loses puck.
13:46 of 2nd period - Penalty to T.J. Fast is over, T.J. Fast is back on ice.
13:55 of 2nd period - Tyler Cuma is hit by Stephane Da Costa and loses puck.
14:06 of 2nd period - T.J. Fast is hit by James Wisniewski and loses puck.
14:19 of 2nd period - Matt Keith is hit by Robert Dome and loses puck.
14:29 of 2nd period - Off-side.
14:30 of 2nd period - Andrei Loktionov wins face-off versus Petri Kontiola in neutral zone.
15:19 of 2nd period - Snap shot by J.T. Wyman.
15:19 of 2nd period - Stopped by Ray Emery with a rebound.
15:35 of 2nd period - Slapshot by Alexandre Picard.
15:35 of 2nd period - Stopped by Tobias Stephan without a rebound.
15:36 of 2nd period - Petri Kontiola wins face-off versus Mathieu Perreault in Staline zone.
15:46 of 2nd period - Minor Penalty to Mathieu Perreault for Hooking.
15:47 of 2nd period - Cam Janssen wins face-off versus Alex Killorn in Staline zone.
15:47 of 2nd period - Cam Janssen is hit by Stefan Ruzicka.
17:07 of 2nd period - Icing by Angelo Esposito.
17:08 of 2nd period - Petri Kontiola wins face-off versus Andrei Loktionov in Harfangs zone.
17:26 of 2nd period - Icing by Peter Olvecky.
17:27 of 2nd period - Cam Janssen wins face-off versus Alex Killorn in Harfangs zone.
17:28 of 2nd period - Wrist shot by Greg Zanon.
17:28 of 2nd period - Deflect By Peter Olvecky.
17:28 of 2nd period - Stopped by Ray Emery with a rebound.
17:30 of 2nd period - Wrist shot by Brandon Prust.
17:30 of 2nd period - Stopped by Ray Emery with a rebound.
17:46 of 2nd period - Penalty to Mathieu Perreault is over, Mathieu Perreault is back on ice.
17:52 of 2nd period - Slapshot by Greg Zanon.
17:52 of 2nd period - Shot Blocked by Victor Bartley.
18:04 of 2nd period - Backhand shot by Brandon Prust.
18:04 of 2nd period - Shot Misses the Net.
18:06 of 2nd period - Snap shot by Robert Dome.
18:06 of 2nd period - Stopped by Ray Emery with a rebound.
18:08 of 2nd period - Wrist shot by Yan Stastny.
18:08 of 2nd period - Stopped by Ray Emery with a rebound.
18:24 of 2nd period - Angelo Esposito is hit by Matt Generous and loses puck.
18:29 of 2nd period - Snap shot by James Sheppard.
18:29 of 2nd period - Stopped by Ray Emery with a rebound.
18:38 of 2nd period - Icing by Michal Repik.
18:39 of 2nd period - Alex Killorn wins face-off versus Zac Rinaldo in Harfangs zone.
18:39 of 2nd period - Alex Killorn is hit by David Ullstrom.
18:45 of 2nd period - Tyler Cuma is hit by Peter Olvecky.
18:55 of 2nd period - Snap shot by Stefan Ruzicka.
18:55 of 2nd period - Stopped by Tobias Stephan without a rebound.
18:56 of 2nd period - Petri Kontiola wins face-off versus Robert Dome in Staline zone.
19:23 of 2nd period - Andrei Loktionov is hit by Alex Killorn and loses puck.
19:39 of 2nd period - Off-side.
19:40 of 2nd period - Stephane Da Costa wins face-off versus Zac Rinaldo in neutral zone.
19:43 of 2nd period - Slapshot by Matt Keith.
19:43 of 2nd period - Shot Misses the Net.
19:49 of 2nd period - Slapshot by Josh Gorges.
19:49 of 2nd period - Stopped by Ray Emery without a rebound.
19:50 of 2nd period - Robert Dome wins face-off versus Alex Killorn in Harfangs zone.
19:53 of 2nd period - Snap shot by Robert Dome.
19:53 of 2nd period - Shot Misses the Net.
Goals for this period are 0 for Harfangs vs 0 for Staline.
Shots for this period are 7 for Harfangs vs 15 for Staline.
3rd period
0:01 of 3rd period - Stefan Ruzicka wins face-off versus Yan Stastny in neutral zone.
0:28 of 3rd period - Greg Zanon is hit by Dustin Jeffrey and loses puck.
0:35 of 3rd period - Slapshot by James Wisniewski.
0:35 of 3rd period - Shot Blocked by Greg Zanon.
0:37 of 3rd period - Wrist shot by Dustin Jeffrey.
0:37 of 3rd period - Shot Misses the Net.
0:39 of 3rd period - Slapshot by Dustin Jeffrey.
0:39 of 3rd period - Deflect By Josh Gorges.
0:39 of 3rd period - Shot Blocked by Andrei Loktionov.
0:39 of 3rd period - Puck is out of play.
0:40 of 3rd period - Robert Dome wins face-off versus Stephane Da Costa in Staline zone.
0:53 of 3rd period - Backhand shot by Robert Dome.
0:53 of 3rd period - Shot Misses the Net.
0:55 of 3rd period - Slapshot by Robert Dome.
0:55 of 3rd period - Stopped by Ray Emery with a rebound.
1:34 of 3rd period - Janne Niskala is hit by Zac Rinaldo and loses puck.
1:39 of 3rd period - Slapshot by Josh Gorges.
1:39 of 3rd period - Stopped by Ray Emery without a rebound.
1:40 of 3rd period - Petri Kontiola wins face-off versus Yan Stastny in Harfangs zone.
1:40 of 3rd period - Petri Kontiola is hit by Yan Stastny.
1:54 of 3rd period - Wrist shot by Yan Stastny.
1:54 of 3rd period - Shot Blocked by Janne Niskala.
1:56 of 3rd period - Snap shot by Robert Dome.
1:56 of 3rd period - Shot Misses the Net.
2:32 of 3rd period - Snap shot by Brandon Prust.
2:32 of 3rd period - Stopped by Ray Emery without a rebound.
2:33 of 3rd period - Andrei Loktionov wins face-off versus Petri Kontiola in Harfangs zone.
2:34 of 3rd period - Wrist shot by Cam Janssen.
2:34 of 3rd period - Shot Blocked by Victor Bartley.
2:49 of 3rd period - Icing by Petri Kontiola.
2:50 of 3rd period - Yan Stastny wins face-off versus Petri Kontiola in Harfangs zone.
3:07 of 3rd period - Snap shot by Pavel Vorobiev.
3:07 of 3rd period - Shot Misses the Net.
3:09 of 3rd period - Snap shot by Victor Bartley.
3:09 of 3rd period - Shot Hit the Post.
3:11 of 3rd period - Snap shot by Pavel Vorobiev.
3:11 of 3rd period - Stopped by Tobias Stephan with a rebound.
3:13 of 3rd period - Snap shot by Dustin Jeffrey.
3:13 of 3rd period - Shot Misses the Net.
3:15 of 3rd period - Slapshot by Victor Bartley.
3:15 of 3rd period - Shot Misses the Net.
3:17 of 3rd period - Backhand shot by Pavel Vorobiev.
3:17 of 3rd period - Goal by Pavel Vorobiev - Harfangs : 2 - Staline : 1.
3:18 of 3rd period - Alex Killorn wins face-off versus Yan Stastny in neutral zone.
3:29 of 3rd period - Wrist shot by Yan Stastny.
3:29 of 3rd period - Stopped by Ray Emery with a rebound.
4:06 of 3rd period - Victor Bartley is hit by T.J. Fast and loses puck.
5:27 of 3rd period - Minor Penalty to J.T. Wyman for Holding.
5:28 of 3rd period - Alex Killorn wins face-off versus Mathieu Perreault in Staline zone.
6:01 of 3rd period - Wrist shot by Pavel Vorobiev.
6:01 of 3rd period - Shot Misses the Net.
6:03 of 3rd period - Wrist shot by Pavel Vorobiev.
6:03 of 3rd period - Shot Misses the Net.
6:05 of 3rd period - Wrist shot by Petri Kontiola.
6:05 of 3rd period - Shot Blocked by Josh Gorges.
6:07 of 3rd period - Slapshot by Petri Kontiola.
6:07 of 3rd period - Shot Misses the Net.
7:16 of 3rd period - Peter Olvecky is hit by Robert Dome and loses puck.
7:27 of 3rd period - Penalty to J.T. Wyman is over, J.T. Wyman is back on ice.
7:37 of 3rd period - Snap shot by Stephane Da Costa.
7:37 of 3rd period - Stopped by Tobias Stephan with a rebound.
7:47 of 3rd period - Wrist shot by Matt Keith.
7:47 of 3rd period - Shot Misses the Net.
7:49 of 3rd period - Minor Penalty to J.T. Wyman for Roughing.
7:50 of 3rd period - Petri Kontiola wins face-off versus Mathieu Perreault in Staline zone.
7:53 of 3rd period - Slapshot by Pavel Vorobiev.
7:53 of 3rd period - Stopped by Tobias Stephan with a rebound.
7:55 of 3rd period - Wrist shot by Angelo Esposito.
7:55 of 3rd period - Stopped by Tobias Stephan without a rebound.
7:56 of 3rd period - Petri Kontiola wins face-off versus Mathieu Perreault in Staline zone.
9:49 of 3rd period - Penalty to J.T. Wyman is over, J.T. Wyman is back on ice.
9:53 of 3rd period - T.J. Fast is hit by Matt Keith and loses puck.
10:18 of 3rd period - Snap shot by Cam Janssen.
10:18 of 3rd period - Stopped by Ray Emery with a rebound.
10:20 of 3rd period - Slapshot by Robert Dome.
10:20 of 3rd period - Stopped by Ray Emery with a rebound.
10:22 of 3rd period - Slapshot by Cam Janssen.
10:22 of 3rd period - Goal by Cam Janssen - Harfangs : 2 - Staline : 2.
10:23 of 3rd period - Andrei Loktionov wins face-off versus Alex Killorn in neutral zone.
11:21 of 3rd period - Slapshot by Tyler Cuma.
11:21 of 3rd period - Deflect By Yan Stastny.
11:21 of 3rd period - Stopped by Ray Emery without a rebound.
11:22 of 3rd period - Andrei Loktionov wins face-off versus Alex Killorn in Harfangs zone.
11:23 of 3rd period - Slapshot by Greg Zanon.
11:23 of 3rd period - Stopped by Ray Emery without a rebound.
11:24 of 3rd period - Andrei Loktionov wins face-off versus Alex Killorn in Harfangs zone.
11:49 of 3rd period - Josh Gorges is hit by Dustin Jeffrey and loses puck.
12:21 of 3rd period - Minor Penalty to Theo Peckham for Roughing.
12:22 of 3rd period - Mathieu Perreault wins face-off versus Alex Killorn in Staline zone.
12:48 of 3rd period - Greg Zanon is hit by Angelo Esposito and loses puck.
14:14 of 3rd period - Alex Killorn is hit by Devin Setoguchi and loses puck.
14:21 of 3rd period - Penalty to Theo Peckham is over, Theo Peckham is back on ice.
14:25 of 3rd period - Mathieu Perreault is hit by Dustin Jeffrey.
14:29 of 3rd period - Wrist shot by Boyd Gordon.
14:29 of 3rd period - Stopped by Tobias Stephan with a rebound.
14:31 of 3rd period - Backhand shot by Andrew Orpik.
14:31 of 3rd period - Stopped by Tobias Stephan with a rebound.
14:33 of 3rd period - Wrist shot by Matt Keith.
14:33 of 3rd period - Deflect By Boyd Gordon.
14:33 of 3rd period - Shot Blocked by Greg Zanon.
14:33 of 3rd period - Puck is out of play.
14:34 of 3rd period - Zac Rinaldo wins face-off versus Stephane Da Costa in Staline zone.
14:45 of 3rd period - Snap shot by Matt Keith.
14:45 of 3rd period - Shot Misses the Net.
14:47 of 3rd period - Snap shot by Stephane Da Costa.
14:47 of 3rd period - Shot Misses the Net.
14:49 of 3rd period - Slapshot by James Wisniewski.
14:49 of 3rd period - Shot Blocked by Matt Generous.
14:59 of 3rd period - Boyd Gordon is hit by Devin Setoguchi.
15:07 of 3rd period - Snap shot by Robert Dome.
15:07 of 3rd period - Shot Blocked by Angelo Esposito.
15:21 of 3rd period - Brandon Prust is hit by Petri Kontiola and loses puck.
15:45 of 3rd period - Slapshot by Janne Niskala.
15:45 of 3rd period - Deflect By Alex Killorn.
15:45 of 3rd period - Shot Blocked by Greg Zanon.
15:45 of 3rd period - Puck is out of play.
15:46 of 3rd period - Robert Dome wins face-off versus Alex Killorn in Staline zone.
15:56 of 3rd period - Snap shot by Robert Dome.
15:56 of 3rd period - Shot Blocked by Peter Olvecky.
16:00 of 3rd period - Slapshot by Robert Dome.
16:00 of 3rd period - Stopped by Ray Emery without a rebound.
16:01 of 3rd period - Mathieu Perreault wins face-off versus Stephane Da Costa in Harfangs zone.
16:11 of 3rd period - Slapshot by Victor Bartley.
16:11 of 3rd period - Stopped by Tobias Stephan with a rebound.
16:13 of 3rd period - Wrist shot by Stephane Da Costa.
16:13 of 3rd period - Stopped by Tobias Stephan without a rebound.
16:14 of 3rd period - Mathieu Perreault wins face-off versus Alex Killorn in Staline zone.
16:19 of 3rd period - Snap shot by Stefan Ruzicka.
16:19 of 3rd period - Shot Misses the Net.
16:21 of 3rd period - Snap shot by Peter Olvecky.
16:21 of 3rd period - Stopped by Tobias Stephan without a rebound.
16:22 of 3rd period - Mathieu Perreault wins face-off versus Alex Killorn in Staline zone.
16:29 of 3rd period - Alexandre Picard is hit by James Sheppard and loses puck.
16:54 of 3rd period - Slapshot by Greg Zanon.
16:54 of 3rd period - Shot Blocked by Victor Bartley.
17:10 of 3rd period - Snap shot by Stefan Ruzicka.
17:10 of 3rd period - Shot Blocked by Greg Zanon.
17:12 of 3rd period - Wrist shot by Alex Killorn.
17:12 of 3rd period - Goal by Alex Killorn - Harfangs : 3 - Staline : 2.
17:13 of 3rd period - Luca Caputi wins face-off versus Yan Stastny in neutral zone.
17:16 of 3rd period - Tyler Cuma is hit by Stephane Da Costa and loses puck.
17:39 of 3rd period - Andrei Loktionov is hit by Janne Niskala and loses puck.
18:15 of 3rd period - Icing by Josh Gorges.
18:16 of 3rd period - Andrei Loktionov wins face-off versus Stephane Da Costa in Staline zone.
18:16 of 3rd period - Andrei Loktionov is hit by Matt Keith.
18:48 of 3rd period - Robert Dome is hit by Boyd Gordon and loses puck.
19:01 of 3rd period - Staline, Tobias Stephan is pulled from the net.
19:01 of 3rd period - Backhand shot by Robert Dome.
19:01 of 3rd period - Shot Blocked by Peter Olvecky.
19:11 of 3rd period - Snap shot by Yan Stastny.
19:11 of 3rd period - Shot Misses the Net.
19:13 of 3rd period - Snap shot by Tyler Cuma.
19:13 of 3rd period - Shot Blocked by James Wisniewski.
19:15 of 3rd period - Slapshot by Yan Stastny.
19:15 of 3rd period - Shot Misses the Net.
19:17 of 3rd period - Snap shot by Yan Stastny.
19:17 of 3rd period - Deflect By Sasha Pokulok.
19:17 of 3rd period - Stopped by Ray Emery with a rebound.
19:39 of 3rd period - Snap shot by Devin Setoguchi.
19:39 of 3rd period - Deflect By Robert Dome.
19:39 of 3rd period - Stopped by Ray Emery without a rebound.
19:40 of 3rd period - Mario Tremblay call a timeout for Staline.
19:40 of 3rd period - Boyd Gordon wins face-off versus Yan Stastny in Harfangs zone.
19:40 of 3rd period - Boyd Gordon is hit by Tyler Cuma.
19:48 of 3rd period - Wrist shot by Robert Dome.
19:48 of 3rd period - Shot Misses the Net.
19:50 of 3rd period - Snap shot by Tyler Cuma.
19:50 of 3rd period - Goal by Tyler Cuma - Harfangs : 3 - Staline : 3.
19:50 of 3rd period - Tobias Stephan from Staline was sent back in the game.
19:51 of 3rd period - Mathieu Perreault wins face-off versus Stephane Da Costa in neutral zone.
19:54 of 3rd period - Slapshot by Greg Zanon.
19:54 of 3rd period - Shot Misses the Net.
19:56 of 3rd period - Snap shot by Mathieu Perreault.
19:56 of 3rd period - Shot Misses the Net.
19:58 of 3rd period - Snap shot by Mathieu Perreault.
19:58 of 3rd period - Deflect By Janne Niskala.
19:58 of 3rd period - Shot Misses the Net.
19:58 of 3rd period - Puck is out of play.
19:59 of 3rd period - Mathieu Perreault wins face-off versus Stephane Da Costa in Harfangs zone.
Goals for this period are 2 for Harfangs vs 2 for Staline.
Shots for this period are 11 for Harfangs vs 13 for Staline.
Overtime #1
0:01 of 1st overtime period - Yan Stastny wins face-off versus Alex Killorn in neutral zone.
0:54 of 1st overtime period - Wrist shot by Josh Gorges.
0:54 of 1st overtime period - Shot Misses the Net.
1:48 of 1st overtime period - Alexandre Picard is hit by Andrei Loktionov and loses puck.
2:35 of 1st overtime period - Dustin Jeffrey is hit by Josh Gorges and loses puck.
2:50 of 1st overtime period - Josh Gorges is hit by Peter Olvecky and loses puck.
3:13 of 1st overtime period - Brandon Prust is hit by Pavel Vorobiev and loses puck.
3:51 of 1st overtime period - Tyler Cuma is hit by Stephane Da Costa and loses puck.
3:56 of 1st overtime period - Slapshot by Stephane Da Costa.
3:56 of 1st overtime period - Stopped by Tobias Stephan with a rebound.
4:18 of 1st overtime period - Janne Niskala is hit by Andrei Loktionov and loses puck.
4:23 of 1st overtime period - Snap shot by Andrei Loktionov.
4:23 of 1st overtime period - Shot Misses the Net.
4:25 of 1st overtime period - Slapshot by Andrei Loktionov.
4:25 of 1st overtime period - Shot Blocked by Alexandre Picard.
4:35 of 1st overtime period - Yan Stastny is hit by Petri Kontiola and loses puck.
4:44 of 1st overtime period - Petri Kontiola is hit by Andrei Loktionov and loses puck.
Goals for this period are 0 for Harfangs vs 0 for Staline.
Shots for this period are 1 for Harfangs vs 0 for Staline.
ShootOut
5:00 of 1st overtime period - Penalty Shot by Pavel Vorobiev for Harfangs.
5:00 of 1st overtime period - Deke by Pavel Vorobiev.
5:00 of 1st overtime period - Stopped by Tobias Stephan.
5:00 of 1st overtime period - Penalty Shot by Robert Dome for Staline.
5:00 of 1st overtime period - Deke by Robert Dome.
5:00 of 1st overtime period - Goal by Robert Dome.
5:00 of 1st overtime period - Penalty Shot by Boyd Gordon for Harfangs.
5:00 of 1st overtime period - Snap shot by Boyd Gordon.
5:00 of 1st overtime period - Shot Misses the Net.
5:00 of 1st overtime period - Penalty Shot by Devin Setoguchi for Staline.
5:00 of 1st overtime period - Wrist shot by Devin Setoguchi.
5:00 of 1st overtime period - Goal by Devin Setoguchi.
Output by the SimonT Hockey Simulator (STHS) for François Prévost -- Original Page W3C XHTML 1.0 Valid